 Dungeon Crawl Stone Soup version 0.25.1-2-g60ff931df9 (webtiles) character file.

Game seed: 17351266781410686715

29 funkygono the Conjurer (level 3, -3/25 HPs)
             Began as a Demonspawn Conjurer on Oct 31, 2020.
             Slain by Terence
             ... wielding a +0 hand axe
              (8 damage)
             ... on level 2 of the Dungeon.
             The game lasted 00:02:36 (1416 turns).

funkygono the Conjurer (Demonspawn Conjurer)        Turns: 1416, Time: 00:02:37

Health: -3/25      AC:  3    Str:  8    XL:     3   Next: 1%
Magic:  0/6        EV: 12    Int: 17    God:
Gold:   99         SH:  4    Dex: 13    Spells: 3/6 levels left

rFire    . . .     SeeInvis .   d - +0 dagger
rCold    . . .     Gourm    .   (no shield)
rNeg     . . .     Faith    .   a - +0 robe
rPois    .         Spirit   .   (no helmet)
rElec    .         Reflect  .   (no cloak)
rCorr    .         Harm     .   n - +0 pair of gloves
MR       .....                  (no boots)
Stlth    ++........             (no amulet)
HPRegen  0.08/turn              (no ring)
MPRegen  0.10/turn              (no ring)

@: no status effects
A: hooves 1, large bone plates 1
a: no special abilities


You were on level 2 of the Dungeon.
You were not hungry.

You visited 1 branch of the dungeon, and saw 2 of its levels.

You collected 99 gold pieces.

Inventory:

Hand Weapons
 d - a +0 dagger (weapon)
Missiles
 h - 54 stones (quivered)
Armour
 a - a +0 robe (worn)
 n - a +0 pair of gloves (worn)
Scrolls
 j - a scroll of remove curse
 k - a scroll of enchant armour {unknown}
Potions
 b - a potion of flight {unknown}
 e - a potion of magic {unknown}
 f - a potion of lignification {unknown}
 g - a potion of mutation {unknown}
 i - a potion of ambrosia {unknown}
 m - a potion of cancellation {unknown}
 p - a potion of haste {unknown}
Comestibles
 c - 3 rations
 o - a chunk of flesh


   Skills:
 + Level 0.3 Fighting
 + Level 0.1 Short Blades
 + Level 1.8 Dodging
 - Level 1.7 Stealth
 + Level 2.1 Spellcasting
 + Level 4.8 Conjurations


You had 3 spell levels left.
You knew the following spells:

 Your Spells              Type           Power        Failure   Level  Hunger
a - Magic Dart            Conj           ###.         2%          1    #......
b - Searing Ray           Conj           ###...       4%          2    ###....

Your spell library contained the following spells:

 Spells                   Type           Power        Failure   Level  Hunger
 Dazzling Flash           Conj/Hex       #.....       22%         3    ###....
 Fulminant Prism          Conj/Hex       #.........   56%         4    #####..
 Iskenderun's Mystic Bla  Conj/Tloc      #.......     56%         4    #####..


Dungeon Overview and Level Annotations

Branches:
Dungeon (2/15)

Altars:
Uskayaw

Annotations:
D:2 Terence


Innate Abilities, Weirdness & Mutations

You have large cloven feet.
You are partially covered in large bone plates. (SH +4)


Message History

Terence barely misses you.
You barely miss Terence. You kick Terence.
Terence is severely wounded.
Terence hits you with a +0 hand axe!
* * * LOW HITPOINT WARNING * * *
You barely miss Terence. You kick Terence, but do no damage.
Terence is severely wounded.
You block Terence's attack.
There is a stone staircase leading down here.
Casting: Magic Dart (safe; 2% risk of failure)
Confirm with . or Enter, or press ? or * to list all spells.
Aiming: Magic Dart (safe; 2% risk of failure)
Press: ? - help, Shift-Dir - straight line, f/p - Terence
Aim: Terence, wielding a +0 hand axe and wearing a +0 chain mail (severely wounded)
The magic dart hits Terence but does no damage.
Terence is severely wounded.
You barely miss Terence.
Terence is severely wounded.
Terence hits you with a +0 hand axe!
You die...

#.# #....... ...##..
+.......
#..##.#####..(....
#..##.......#+####
#..##..####.#
#<.##..####.#
#..##.......#
####+##..##...#..##.####
#......@@..>.....$......
#.......##)#..#..##.####
#..........#..#..#
#......#####..# ##
#......+ .... #......#
###### ########


You could see Terence.

Vanquished Creatures
  A worm (D:2)
  A dart slug (D:2)
  A ball python (D:1)
  A giant cockroach (D:1)
  6 hobgoblins
  6 bats
  A frilled lizard (D:2)
  6 kobolds
  A rat (D:1)
24 creatures vanquished.

Notes
Turn   | Place    | Note
-------+----------+-------------------------------------------
     0 | D:1      | funkygono the Demonspawn Conjurer began the quest for the
                  | Orb.
     0 | D:1      | Reached XP level 1. HP: 13/13 MP: 3/3
   377 | D:1      | Gained mutation: You have large cloven feet. [demonic
                  | ancestry]
   377 | D:1      | Reached XP level 2. HP: 19/19 MP: 1/5
   915 | D:1      | Learned a level 2 spell: Searing Ray
   984 | D:2      | Found a hide-covered altar of Uskayaw.
  1322 | D:2      | Gained mutation: You are partially covered in large bone
                  | plates. (SH +4) [demonic ancestry]
  1322 | D:2      | Reached XP level 3. HP: 25/25 MP: 1/6
  1392 | D:2      | Noticed Terence
  1416 | D:2      | Slain by Terence

Illustrated notes

Levels and vault maps discovered:
D:1:      minmay_arrival_plants_in_alcoves, layout_basic
D:2:      layout_basic, lemuel_crystal_altar, uniq_terence

Action                   || total
-------------------------++-------
Melee: Dagger            ||    30
       Unarmed           ||     1
       Kick              ||     6
 Cast: Magic Dart        ||    45
       Searing Ray       ||     3
  Use: Scroll            ||     4
       Potion            ||     1
  Eat: Chunk             ||     2
Armor: Robe              ||    13
Dodge: Dodged            ||    27
Block: Other             ||     1
